 Dungeon Crawl Stone Soup version 0.29.1-2-gbd0b4ee654 (webtiles) character file.

Game seed: 5187366974692301682

16227 GerCur the Warrior (level 12, -7/178 HPs)
             Began as a Minotaur Berserker on Oct 22, 2022.
             Was a High Priest of Trog.
             Mangled by a large slime creature (9 damage)
             ... on level 12 of the Dungeon on Nov 3, 2022.
             The game lasted 01:08:44 (20973 turns).

GerCur the Warrior (Minotaur Berserker)            Turns: 20973, Time: 01:08:44

Health: -7/178     AC: 10    Str: 27    XL:     12   Next: 8%
Magic:  11/11      EV: 15    Int:  4    God:    Trog [*****.]
Gold:   585        SH:  0    Dex: 16    Spells: 11/11 levels left

rFire   . . .      SeeInvis .   G - +3 scimitar
rCold   + . .      Faith    +   (no shield)
rNeg    . . .      Spirit   .   M - +0 swamp dragon scales
rPois   +          Reflect  .   (helmet restricted)
rElec   .          Harm     .   (no cloak)
rCorr   .          Rampage  .   (no gloves)
Will    .....                   (no boots)
Stlth   ..........              r - amulet of faith
HPRegen 0.39/turn               F - ring of protection from cold
MPRegen 0.12/turn               A - +6 ring of strength

@: berserking, very quick
A: horns 2, retaliatory headbutt
a: Renounce Religion, Berserk, Trog's Hand, Brothers in Arms


You were on level 12 of the Dungeon.
You worshipped Trog.
Trog was extremely pleased with you.
You visited 1 branch of the dungeon, and saw 13 of its levels.

You collected 729 gold pieces.
You spent 144 gold pieces at shops.

Inventory:

Hand Weapons
 a - a +0 falchion
 s - a +0 great sword
 B - a +5 falchion
 G - a +3 scimitar (weapon)
Missiles
 k - 6 throwing nets (quivered)
 E - 2 silver boomerangs
 H - 14 poisoned darts
Armour
 b - a +0 animal skin
 C - a +0 scale mail of fire resistance
 M - +0 swamp dragon scales (worn)
Jewellery
 i - an amulet of the acrobat
 l - a ring of poison resistance
 r - an amulet of faith (around neck)
 A - a +6 ring of strength (right hand)
 F - a ring of protection from cold (left hand)
Wands
 I - a wand of quicksilver (8)
Scrolls
 c - 4 scrolls of vulnerability
 f - 5 scrolls of poison
 m - 4 scrolls of teleportation
 n - 2 scrolls of butterflies
 q - 2 scrolls of immolation
 v - 2 scrolls of summoning {unknown}
 y - 3 scrolls of amnesia
 z - a scroll of brand weapon {unknown}
 K - a scroll of enchant armour {unknown}
 L - a scroll of acquirement {unknown}
 N - a scroll of blinking {unknown}
 O - a scroll of silence {unknown}
Potions
 d - 3 potions of magic
 e - a potion of lignification {unknown}
 g - a potion of degeneration {unknown}
 h - 7 potions of curing
 j - 3 potions of flight
 o - a potion of mutation {unknown}
 p - a potion of attraction
 t - 4 potions of ambrosia {unknown}
 u - a potion of invisibility {unknown}
 w - 4 potions of might {unknown}
 x - a potion of cancellation {unknown}
 D - a potion of berserk rage {unknown}
 J - a potion of haste {unknown}


   Skills:
 + Level 15.0 Fighting
 - Level 14.0 Long Blades
 - Level 10.0 Armour
 - Level 8.0 Dodging


You had 11 spell levels left.
You didn't know any spells.
Your spell library was empty.

Dungeon Overview and Level Annotations

Branches:
Dungeon (13/15)            Temple (0/1) D:7            Lair (0/5) D:10
    Orc (0/2) D:12
 Vaults: D:13-14

Altars:
Dithmenos
Elyvilon
Gozag
Hepliaklqana
Qazlal
Ru
Vehumet
Wu Jian
Yredelemnul

Shops:
D:2 ?   D:3 !   D:10 ***


Innate Abilities, Weirdness & Mutations

You have a pair of horns on your head.
You reflexively headbutt those who attack you in melee.


Message History

The komodo dragon is heavily wounded.
The komodo dragon misses you. The large slime creature hits you!!
You slash the komodo dragon!
You headbutt the komodo dragon, but do no damage.
The komodo dragon is almost dead.
The komodo dragon bites you!!
You closely miss the komodo dragon.
The komodo dragon is almost dead.
The large slime creature hits you!
You barely miss the komodo dragon.
The komodo dragon is almost dead.
The komodo dragon bites you. The large slime creature hits you!!
* * * LOW HITPOINT WARNING * * *
You hit the komodo dragon but do no damage.
Your headbutt misses the komodo dragon.
The komodo dragon is almost dead.
The komodo dragon misses you.
Okay, then.
You are too injured to fight recklessly!
Okay, then.
A red film seems to cover your vision as you go berserk!
You feel yourself moving faster!
You feel mighty! The large slime creature misses you.
The komodo dragon bites you!
* * * LOW HITPOINT WARNING * * *
You slash the komodo dragon!
You kill the komodo dragon!
Trog accepts your kill. The large slime creature hits you!
* * * LOW HITPOINT WARNING * * *
Training target 15.0 for Fighting reached!
Your Fighting skill increases to level 15!
You need to enable at least one skill for training.
You hit the large slime creature but do no damage.
You headbutt the large slime creature.
The large slime creature is moderately wounded.
You completely miss the large slime creature.
You headbutt the large slime creature!
The large slime creature is heavily wounded.
The large slime creature hits you!
You die...

.. #. . .. #.
.<###### ..<.. #
##.#####.#####
##+#....J@†......
#...(.?####.#####
### ###.###[..# #
##.######..##
...#
###....###..#
#..#
#.##.#.##.#.#


JJ# )..###..#...# ... .#.#......### ... .).###...#..# ...# You could see a large
slime creature.

Vanquished Creatures
  Kirke (D:13)
  2 centaur warriors (D:13)
  2 two-headed ogres
  A manticore (D:13)
  An ugly thing (D:13)
  2 cyclopes
  A gargoyle (D:11)
  2 komodo dragons
  A troll (D:10)
  A hornet (D:11)
  Grinder (D:5)
  3 slime creatures (D:13)
  Sigmund (D:5)
  3 wraiths
  9 yaks
  A vampire (D:12)
  4 vampire mosquitoes (D:12)
  A steam dragon (D:8)
  An acid dragon (D:11)
  The ghost of kwasso the Sneak, an amateur OpEE of Vehumet (D:3)
  4 water moccasins
  5 orc warriors
  3 ice beasts
  A sky beast (D:5)
  2 ogres (D:6)
  5 centaurs
  A phantom (D:5)
  3 kobold brigands
  2 bullfrogs
  4 necrophages
  2 gnoll sergeants
  A scorpion (D:5)
  22 wights
  15 killer bees (D:9)
  An electric eel (D:10)
  3 howler monkeys (D:10)
  6 jellies
  6 orc priests
  3 hounds
  A gnoll bouda (D:6)
  3 iguanas
  10 orc wizards
  41 gnolls
  5 adders
  3 white imps
  An ufetubus (D:7)
  A worm (D:3)
  2 dart slugs
  44 orcs
  6 endoplasms
  2 giant cockroaches (D:1)
  7 hobgoblins
  2 jackals (D:5)
  26 kobolds
  4 quokkas
  9 ball pythons
  5 bats
  A frilled lizard (D:1)
  10 goblins
  2 rats
313 creatures vanquished.

Vanquished Creatures (collateral kills)
  Maggie (D:8)
  A hornet (D:8)
  A steam dragon (D:8)
  4 orcs (D:8)
7 creatures vanquished.

Vanquished Creatures (others)
  An orc (D:8)
  3 plants (D:10)
4 creatures vanquished.

Grand Total: 324 creatures vanquished

Notes
Turn   | Place    | Note
-------+----------+-------------------------------------------
     0 | D:1      | GerCur the Minotaur Berserker began the quest for the Orb.
     0 | D:1      | Reached XP level 1. HP: 19/19 MP: 0/0
    30 | D:1      | Found a faded altar of an unknown god.
   345 | D:1      | Reached XP level 2. HP: 25/26 MP: 1/1
   814 | D:1      | Reached skill level 5 in Long Blades
   814 | D:1      | Reached XP level 3. HP: 3/31 MP: 2/2
   817 | D:1      | HP: 2/46 [endoplasm (1)]
  1360 | D:2      | Reached ** piety under Trog
  1699 | D:2      | Reached XP level 4. HP: 12/39 MP: 3/3
  2057 | D:2      | Found Kiankywn's Magic Scroll Shoppe.
  2064 | D:2      | Bought a scroll of identify for 24 gold pieces
  2064 | D:2      | Bought a scroll of teleportation for 36 gold pieces
  2064 | D:2      | Bought a scroll of noise for 12 gold pieces
  2723 | D:3      | Found Olioss's Distillery.
  2868 | D:3      | Bought a potion of attraction for 33 gold pieces
  2963 | D:3      | Found an ornate altar of the Wu Jian Council.
  2978 | D:3      | Found an opulent altar of Gozag.
  3042 | D:3      | Reached XP level 5. HP: 45/45 MP: 4/4
  3451 | D:3      | Found a runed translucent gate.
  3451 | D:3      | Found a runed translucent gate.
  3451 | D:3      | Found a runed translucent gate.
  3452 | D:3      | Noticed kwasso's ghost (amateur OpEE)
  3618 | D:4      | Reached XP level 6. HP: 41/51 MP: 5/5
  4510 | D:5      | Entered Level 5 of the Dungeon
  4678 | D:5      | Reached XP level 7. HP: 44/57 MP: 6/6
  4689 | D:5      | Reached skill level 10 in Long Blades
  4689 | D:5      | Reached skill level 4 in Fighting
  4734 | D:5      | Reached *** piety under Trog
  4920 | D:5      | Found a basalt altar of Yredelemnul.
  4937 | D:5      | Reached skill level 5 in Fighting
  5013 | D:5      | Noticed Sigmund
  5019 | D:5      | Killed Sigmund
  5020 | D:5      | Reached skill level 6 in Fighting
  5026 | D:5      | Reached skill level 7 in Fighting
  5029 | D:5      | Reached XP level 8. HP: 65/73 MP: 7/7
  5181 | D:5      | Found a shadowy altar of Dithmenos.
  5331 | D:5      | Reached skill level 8 in Fighting
  5694 | D:5      | Noticed Grinder
  5717 | D:5      | Killed Grinder
  5718 | D:5      | Reached skill level 9 in Fighting
  6374 | D:6      | Reached skill level 10 in Fighting
  7122 | D:6      | Reached skill level 11 in Fighting
  7987 | D:6      | Reached XP level 9. HP: 81/89 MP: 8/8
  8881 | D:6      | Reached skill level 12 in Fighting
 10020 | D:7      | Reached skill level 5 in Armour
 10311 | D:7      | Reached **** piety under Trog
 11159 | D:7      | Found a sacrificial altar of Ru.
 11380 | D:7      | Found a staircase to the Ecumenical Temple.
 11385 | D:7      | Identified the +8 short sword "Hubbataote" {holy, Str+4
                  | Dex+3}
 11691 | D:8      | Reached XP level 10. HP: 57/94 MP: 9/9
 12810 | D:8      | Reached ***** piety under Trog
 13707 | D:8      | Noticed Maggie
 13711 | D:8      | Killed Maggie
 14470 | D:3      | Killed kwasso's ghost
 15670 | D:9      | Found a stormy altar of Qazlal.
 15671 | D:9      | Found a white marble altar of Elyvilon.
 16356 | D:9      | Found a hazy altar of Hepliaklqana.
 16741 | D:10     | Entered Level 10 of the Dungeon
 16761 | D:10     | Reached skill level 10 in Armour
 17117 | D:10     | Found a staircase to the Lair.
 17135 | D:10     | Reached XP level 11. HP: 100/104 MP: 10/10
 17665 | D:10     | Found Ceamob's General Store.
 17667 | D:10     | Found Pumaf's Specific Store.
 17678 | D:10     | Found a radiant altar of Vehumet.
 17769 | D:10     | Bought a scroll of teleportation for 39 gold pieces
 17880 | D:10     | Found Suts's Changing Room.
 18159 | D:11     | Noticed a two-headed ogre
 18168 | D:11     | Killed a two-headed ogre
 18169 | D:11     | Reached skill level 5 in Dodging
 19021 | D:11     | You fall into a shaft and drop 2 floors!
 19170 | D:13     | Noticed a centaur warrior
 19173 | D:13     | Noticed Kirke
 19182 | D:13     | Noticed a lindwurm
 19192 | D:13     | Noticed a lindwurm
 19193 | D:13     | Killed Kirke
 19202 | D:13     | Killed a centaur warrior
 19551 | D:13     | Reached skill level 13 in Fighting
 20073 | D:13     | Noticed a two-headed ogre
 20074 | D:13     | Noticed a green ugly thing
 20086 | D:13     | Killed a two-headed ogre
 20090 | D:13     | Killed a green ugly thing
 20091 | D:13     | Reached skill level 14 in Fighting
 20091 | D:13     | Noticed a boulder beetle
 20209 | D:13     | Noticed a centaur warrior
 20215 | D:13     | Noticed a boulder beetle
 20218 | D:13     | Killed a centaur warrior
 20492 | D:12     | Reached XP level 12. HP: 71/118 MP: 11/11
 20837 | D:12     | Found a staircase to the Orcish Mines.
 20971 | D:12     | HP: 1/177 [large slime creature (10)]
 20972 | D:12     | Reached skill level 15 in Fighting
 20973 | D:12     | Mangled by a large slime creature

Illustrated notes

Levels and vault maps discovered:
D:1:      grunt_arrival_lava_bath, layout_basic, ebering_ecumenical_altar_box,
          dreamdust_princess_corridor
D:2:      minmay_spotlight, layout_basic, serial_shops, shop
D:3:      layout_rooms, nzn_wu_jian_contemplation, lemuel_crystal_altar,
          serial_shops, nicolae_shop_temple_entry_statues_fountains,
          gammafunk_ghost_nasty_kobolds, minmay_liquid_box
D:4:      layout_cave_pools, grunt_ministairs_8
D:5:      layout_basic, mainiacjoe_overflow_chevrons, grunt_dithmenos_shadows,
          nicolae_kite_square_tiling_tiny, uniq_grinder, uniq_sigmund
D:6:      layout_basic, serial_curves, eino_curves_03, eino_curves_04,
          eino_curves_03, st_stairs_5, minmay_puff
D:7:      layout_loops_ring, nicolae_ru_path_of_blood, minmay_temple_entry_glass
D:8:      layout_basic, grunt_ministairs_6, kennysheep_flooded_box, uniq_maggie
D:9:      layout_long_grid, mainiacjoe_overflow_brackets, lemuel_tele_altar,
          lemuel_doored_altar, nicolae_hexahallways
D:10:     layout_roguey, nicolae_vehumet_radiance, dpeg_oklobed_lair,
          nicolae_specific_store, minivault_4, nicolae_transmutations_shop
D:11:     layout_basic, hangedman_batty
D:12:     layout_basic, erik_orc_3, uniq_jorgrun
D:13:     layout_basic, portal_ice_cave_rime, uniq_kirke

Skill      XL: |  1  2  3  4  5  6  7  8  9 10 11 12 |
---------------+-------------------------------------+-----
Long Blades    | 4 5 6 7 8 9 10 12 14 | 14.0
Fighting       | 7 11 12 14 15 | 15.0
Armour         | 5 10 | 10.0
Dodging        | 8 |  8.0

Action                   |  1- 3 |  4- 6 |  7- 9 | 10-12 || total
-------------------------+-------+-------+-------+-------++-------
Melee: Falchion          |    73 |   135 |   211 |       ||   419
       Headbutt          |    11 |    22 |    73 |    85 ||   191
       Punch             |       |     1 |     1 |     3 ||     5
       Great sword       |       |       |    69 |    77 ||   146
       Scimitar          |       |       |       |   327 ||   327
Throw: Throwing net      |       |       |       |     2 ||     2
       Dart              |       |       |       |     1 ||     1
Invok: Berserk           |     2 |     3 |     9 |     9 ||    23
       Trog's Hand       |       |     1 |     3 |     8 ||    12
       Brothers in Arms  |       |       |       |     1 ||     1
  Use: Scroll            |       |     2 |     6 |     5 ||    13
       Potion            |       |       |     2 |     4 ||     6
 Stab: Sleeping          |       |       |     3 |       ||     3
Armor: Animal skin       |     7 |    12 |    11 |       ||    30
       Scale mail        |       |       |    32 |    59 ||    91
       Swamp dragon scal |       |       |       |    74 ||    74
Dodge: Dodged            |    43 |   102 |   148 |   257 ||   550
